 Dungeon Crawl Stone Soup version 0.28-a0-1412-gf95308ed99 (webtiles) character file.

Game seed: 2354545093641474506

226 ChaosChampion the Insei (level 6, -9/41 HPs)
             Began as an Octopode Transmuter on Jan 7, 2022.
             Shot with a bolt by a kobold brigand (13 damage)
             ... in a sewer.
             The game lasted 00:02:55 (2747 turns).

ChaosChampion the Insei (Octopode Transmuter)       Turns: 2747, Time: 00:02:55

Health: -9/41      AC:  1    Str:  9    XL:     6   Next: 1%
Magic:  6/9        EV: 13    Int: 18    God:
Gold:   74         SH:  0    Dex: 12    Spells: 3/9 levels left

rFire   . . .      SeeInvis .     - Unarmed
rCold   . . .      Faith    .   (no shield)
rNeg    . . .      Spirit   .   (helmet restricted)
rPois   .          Reflect  .   (no amulet)
rElec   .          Harm     .   (no ring)
rCorr   .          Rampage  .   (no ring)
Will    .....                   (no ring)
Stlth   +++.......              (no ring)
HPRegen 0.13/turn               (no ring)
MPRegen 0.11/turn               (no ring)
                                (no ring)
                                (no ring)

@: no status effects
A: almost no armour, amphibious, 8 rings, camouflage 1, gelatinous body 1,
nimble swimmer 1, tentacles
a: no special abilities


You were in a sewer.
You visited 1 branch of the dungeon, and saw 3 of its levels.
You also visited: Sewer.

You collected 74 gold pieces.

Inventory:

Scrolls
 a - 2 scrolls of magic mapping {unknown}
 b - a scroll of fear {unknown}
 d - a scroll of teleportation {unknown}
 f - a scroll of amnesia {unknown}
 g - 2 scrolls of identify {unknown}
 h - a scroll of vulnerability {unknown}
 i - a scroll of silence {unknown}
 j - a scroll of brand weapon {unknown}
 k - 3 scrolls of holy word {unknown}
Potions
 c - a potion of flight {unknown}
 e - a potion of heal wounds {unknown}
 l - a potion of magic {unknown}


   Skills:
 + Level 2.5 Fighting
 + Level 3.1 Dodging
 * Level 4.7 Unarmed Combat
 - Level 2.0 Spellcasting
 + Level 3.2 Transmutations


You had 3 spell levels left.
You knew the following spells:

 Your Spells              Type           Power      Damage    Failure   Level
a - Beastly Appendage     Tmut           26%        N/A       4%          1
b - Wereblood             Tmut           13%        N/A       8%          2
c - Spider Form           Tmut/Pois      7%         N/A       28%         3

Your spell library contained the following spells:

 Spells                   Type           Power      Damage    Failure   Level
 Ice Form                 Ice/Tmut       7%         N/A       67%         4


Dungeon Overview and Level Annotations

Branches:
Dungeon (3/15)              Sewer (1/1)

Altars:


Innate Abilities, Weirdness & Mutations

You cannot wear most types of armour.
You are amphibious.
You can wear up to eight rings at the same time.
Your skin changes colour to match your surroundings (Stealth+).
Your rubbery body absorbs attacks. (AC +1, EV +1)
You are camouflaged when in or above water. (Stealth+)
You have tentacles for arms and can constrict up to eight enemies at once.


Message History

The kobold brigand is heavily wounded.
Your transformation is almost over.
The kobold brigand barely misses you.
The kobold brigand splashes around in the water.
Your unstable footing causes you to fumble your attack.
The kobold brigand closely misses you.
The kobold brigand hits you with a +0 short sword.
You hit the kobold brigand.
The kobold brigand looks as sick as possible!
The kobold brigand is severely wounded.
The kobold brigand misses you.
The kobold brigand hits you with a +0 short sword!
Your unstable footing causes you to fumble your attack.
The kobold brigand hits you with a +0 short sword.
You are too injured to fight recklessly!
Your unstable footing causes you to fumble your attack.
The kobold brigand splashes around in the water.
The kobold brigand closely misses you.
You hit the kobold brigand but do no damage.
You kill the kobold brigand!
You hear a splash. x2
The kobold brigand misses you.
Your Dodging skill increases to level 3!
You have reached level 6!
You hit the kobold brigand but do no damage.
The kobold brigand is poisoned.
Your unstable footing causes you to fumble your attack.
The kobold brigand hits you but does no damage.
Your unstable footing causes you to fumble your attack.
The kobold brigand hits you with a +0 short sword!
* * * LOW HITPOINT WARNING * * *
Your transformation has ended.
The kobold brigand unwields a +0 short sword.
The kobold brigand wields a +0 hand crossbow.
The kobold brigand shoots a bolt.
The bolt hits you.
* * * LOW HITPOINT WARNING * * *
The kobold brigand shoots a bolt.
The bolt hits you.
* * * LOW HITPOINT WARNING * * *
The kobold brigand shoots a bolt.
The bolt hits you!
You die...

≈#### ##≈###########
≈≈≈≈≈≈≈≈≈≈≈≈≈≈@≈≈≈≈≈#
≈≈≈≈≈≈≈≈≈≈≈≈≈≈≈≈≈≈≈≈#
≈≈≈≈≈≈≈≈≈≈≈≈≈≈≈≈≈≈≈#
#####≈≈≈≈##########≈###
.P≈≈≈P≈≈≈≈P≈P...≈≈PK#
.≈≈P≈≈≈≈≈P≈≈†...≈≈≈)'..∩.#
P....P≈P≈.......≈.P≈'....#
....................#[...#
P...........##......######


You could see a kobold brigand (poisoned).

Vanquished Creatures
  A kobold brigand (Sewer)
  Crazy Yiuf (D:2)
  Robin (D:2)
  2 adders
  A river rat (D:3)
  2 worms
  4 dart slugs
  7 endoplasms
  12 goblins
  9 hobgoblins
  8 jackals
  2 kobolds
  A quokka (D:1)
  3 ball pythons
  8 bats
  3 frilled lizards
  6 rats
71 creatures vanquished.

Notes
Turn   | Place    | Note
-------+----------+-------------------------------------------
     0 | D:1      | ChaosChampion the Octopode Transmuter began the quest for
                  | the Orb.
     0 | D:1      | Reached XP level 1. HP: 13/13 MP: 3/3
   355 | D:1      | Reached XP level 2. HP: 18/18 MP: 5/5
   681 | D:1      | Found a faded altar of an unknown god.
   766 | D:1      | Reached XP level 3. HP: 20/23 MP: 6/6
  1091 | D:2      | Noticed Robin
  1366 | D:2      | Found a runed translucent door.
  1367 | D:2      | Noticed Crazy Yiuf
  1696 | D:2      | Learned a level 2 spell: Wereblood
  1785 | D:2      | Reached XP level 4. HP: 29/29 MP: 7/7
  1786 | D:2      | Killed Robin
  1925 | D:2      | Reached skill level 4 in Unarmed Combat
  2166 | D:2      | Learned a level 3 spell: Spider Form
  2210 | D:2      | Killed Crazy Yiuf
  2211 | D:2      | Reached XP level 5. HP: 19/34 MP: 2/8
  2572 | D:3      | Found a glowing drain.
  2596 | Sewer    | Entered a sewer
  2730 | Sewer    | Noticed a kobold brigand
  2731 | Sewer    | Noticed a kobold brigand
  2740 | Sewer    | Killed a kobold brigand
  2741 | Sewer    | Reached XP level 6. HP: 18/41 MP: 5/9
  2747 | Sewer    | Shot with a bolt by a kobold brigand

Illustrated notes

Levels and vault maps discovered:
D:1:      dpeg_arrival_short_road, layout_loops_ring,
          shapermc_ecumenical_altar_mp_vishouse, chequers_decorated_corner
D:2:      layout_rooms, kennysheep_cross_room, amethyst_killhole,
          minmay_tetromino_l2, uniq_robin, uniq_crazy_yiuf_cottage
D:3:      layout_loops_ring, jmf_multi_god_temple,
          cheibrodos_sewer_entry_sluice, nrook_mini_backslash,
          grunt_ministairs_9
Sewer:    kennysheep_pipe_town

Skill      XL: |  1  2  3  4  5 |
---------------+----------------+-----
Unarmed Combat | 4 |  4.7
Fighting       | 2 |  2.5
Transmutations | 3 |  3.2
Dodging        | 3 |  3.1
Spellcasting   | |  2.0

Action                   |  1- 3 |  4- 6 || total
-------------------------+-------+-------++-------
Melee: Unarmed           |    78 |    81 ||   159
       Constrict         |    22 |    12 ||    34
       Kick              |    19 |     9 ||    28
       Tentacles         |    16 |    13 ||    29
       Punch             |       |     1 ||     1
 Cast: Beastly Appendage |    18 |     7 ||    25
       Spider Form       |       |     4 ||     4
       Wereblood         |       |     3 ||     3
 Stab: Sleeping          |     7 |       ||     7
Armor: Skin              |    12 |    10 ||    22
Dodge: Dodged            |    51 |    45 ||    96

Table legend: (Time is in decaauts)
 A = Elapsed time spent in this place.
 B = Non-inter-level travel time spent in this place.
 C = Inter-level travel time spent in this place.
 D = Time resting spent in this place.
 E = Time spent auto-exploring this place.
 F = Levels seen in this place.
 G = Mean time per level.
                   A        B        C        D        E       F      G
               +--------+--------+--------+--------+--------+-----+--------+
         Total |   2737 |   2645 |     92 |    242 |   1934 |   4 |  684.2 |
       Dungeon |   2586 |   2494 |     92 |    242 |   1829 |   3 |  862.0 |
         Sewer |    150 |    150 |      0 |      0 |    105 |   1 |  150.0 |
               +--------+--------+--------+--------+--------+-----+--------+

Top non-repeatable levels by time:
     D:1: 1253 daAuts
     D:2: 1123 daAuts
     D:3: 210 daAuts
   Sewer: 150 daAuts
